 Dungeon Crawl Stone Soup version 0.30-a0-715-gdb4ae3ece1 (webtiles) character file.

Game seed: 15563014842179039197

3642 wormed the Skirmisher (level 10, -19/81 (82) HPs)
             Began as a Gnoll Wanderer on Jan 24, 2023.
             Was an Initiate of Cheibriados.
             Killed from afar by Erica (22 damage)
             ... with a lance of force
             ... on level 9 of the Dungeon.
             The game lasted 00:10:46 (7537 turns).

wormed the Skirmisher (Gnoll Wanderer)              Turns: 7537, Time: 00:10:46

HP:   -19/81 (82)   AC: 14    Str: 15    XL:     10   Next: 12%
MP:   26/26         EV: 13    Int: 13    God:    Cheibriados [......]
Gold: 216           SH:  0    Dex: 14    Spells: 19/19 levels left

rFire   . . .      SeeInvis .    u - +1 arbalest
rCold   . . .      Faith    .    (shield currently unavailable)
rNeg    . . .      Spirit   .    A - +3 leather armour
rPois   .          Reflect  .    y - +1 helmet
rElec   .          Harm     .    b - +1 cloak
rCorr   .          Rampage  .    k - +1 pair of gloves
Will    .....                    q - +0 pair of boots
Stlth   ++++                     s - amulet of the acrobat
HPRegen 0.33/turn                p - ring of wizardry
MPRegen 0.20/turn                n - ring of magical power

@: lightly drained, very slow
A: fangs 1, strong nose, distributed training
a: Renounce Religion


You were on level 9 of the Dungeon.
You worshipped Cheibriados.
Cheibriados was noncommittal.
You visited 2 branches of the dungeon, and saw 10 of its levels.

You collected 395 gold pieces.
You spent 179 gold pieces at shops.

Inventory:

Hand Weapons
 u - a +1 arbalest (weapon)
Armour
 b - a +1 cloak (worn)
 k - a +1 pair of gloves (worn)
 q - a +0 pair of boots (worn)
 y - a +1 helmet (worn)
 A - a +3 leather armour (worn)
Jewellery
 d - a ring of ice
 n - a ring of magical power (right hand)
 p - a ring of wizardry (left hand)
 s - an amulet of the acrobat (around neck)
Wands
 v - a wand of flame (26)
Scrolls
 a - a scroll of identify
 c - a scroll of fog
 e - 4 scrolls of enchant armour
 f - 2 scrolls of teleportation
 h - a scroll of vulnerability
Potions
 g - a potion of mutation
 i - a potion of ambrosia
 j - 5 potions of flight
 w - a potion of berserk rage


   Skills:
 + Level 8.4 Fighting
 + Level 5.1 Short Blades
 + Level 5.1 Long Blades
 + Level 5.1 Axes
 + Level 5.1 Maces & Flails
 + Level 5.1 Polearms
 + Level 5.1 Staves
 + Level 10.0 Ranged Weapons
 + Level 5.1 Throwing
 + Level 5.1 Armour
 + Level 5.1 Dodging
 + Level 8.0 Stealth
 + Level 5.1 Shields
 + Level 5.1 Unarmed Combat
 + Level 5.1 Spellcasting
 + Level 4.2 Conjurations
 + Level 4.2 Hexes
 + Level 4.2 Summonings
 + Level 4.2 Necromancy
 + Level 4.2 Translocations
 + Level 4.2 Transmutations
 + Level 4.2 Fire Magic
 + Level 4.2 Ice Magic
 + Level 4.2 Air Magic
 + Level 4.2 Earth Magic
 + Level 4.2 Poison Magic
 + Level 5.6 Invocations
 + Level 5.1 Evocations


You had 19 spell levels left.
You didn't know any spells.
Your spell library contained the following spells:

 Spells                   Type           Power      Damage    Failure   Level
 Beastly Appendage        Tmut           28%        N/A       1%          1
 Foxfire                  Conj/Fire      56%        2x1d6     1%          1
 Sandblast                Erth           28%        2d8       1%          1
 Passwall                 Tmut/Erth      11%        N/A       2%          2
 Wereblood                Tmut           14%        N/A       2%          2
 Spider Form              Tmut/Pois      14%        N/A       4%          3
 Stone Arrow              Conj/Erth      28%        3d8       4%          3
 Fireball                 Conj/Fire      7%         3d5       38%         5
 Starburst                Conj/Fire      7%         6d4       90%         6


Dungeon Overview and Level Annotations

Branches:
Dungeon (9/15)             Temple (1/1) D:7
   Lair: D:8-11         Orc: D:9-12

Altars:
Cheibriados
Dithmenos
Elyvilon
Fedhas
Hepliaklqana
Kikubaaqudgha
Makhleb
Ru
Trog
Uskayaw
Vehumet
Wu Jian
Yredelemnul
Zin
The Shining One

Shops:
D:1 (=*   D:4 *   D:5 (

Annotations:
D:8 Amaemon
D:9 Erica


Innate Abilities, Weirdness & Mutations

You have very sharp teeth.
Your uncanny sense of smell can sniff out nearby items.
Your experience applies equally to all skills.


Message History

You shoot a bolt. Something hits you but does no damage. Something hits you.
Something burns you.
You shoot a bolt. Something hits you but does no damage.
You hear some strange, mumbled words.
A bolt of poison appears from out of thin air!
The bolt of poison hits you!!
You are poisoned.
You shoot a bolt.
You feel very sick.
You hear some strange, mumbled words.
Something tries to affect you, but you resist.
Something hits you. Something burns you.
You shoot a bolt.
You feel very sick. Something hits you but does no damage. Something hits you.
Something burns you.
You shoot a bolt.
You feel sick. Something hits you!
* * * LOW HITPOINT WARNING * * *
Something burns you.
* * * LOW HITPOINT WARNING * * *
Something hits you!
* * * LOW HITPOINT WARNING * * *
Something burns you.
* * * LOW HITPOINT WARNING * * *
You hear some strange, mumbled words.
Something tries to affect you, but you resist.
You shoot a bolt.
You feel sick. Something hits you but does no damage. Something hits you.
* * * LOW HITPOINT WARNING * * *
Something burns you.
* * * LOW HITPOINT WARNING * * *
You shoot a bolt.
You feel yourself speed up.
You feel sick.
Something hits you but does no damage. x2
You shoot a bolt.
You feel sick. Something hits you but does no damage.
You shoot a bolt.
You feel sick.
You are no longer poisoned.
You hear some strange, mumbled words.
A lance of force appears from out of thin air!
The lance of force hits you!!
You die...

#+####
###.>....
..##.'......
..##.#......
..#..# .....
#.+.## ....
#.#.# ...
#.#{# ##
#.#@# ##
#...#
#..######.###
#.........#
#.......###
####..<.+
#....# #....#
#....#


There were no monsters in sight!

Vanquished Creatures
  A two-headed ogre (D:5)
  Sigmund (D:5)
  A wyvern (D:6)
  A steam dragon (D:7)
  An orc warrior (D:7)
  3 sky beasts (D:6)
  2 black bears (D:5)
  An ice beast (D:8)
  An ogre (D:5)
  A phantom (D:3)
  3 bullfrogs
  A kobold brigand (D:6)
  2 necrophages
  5 scorpions
  4 wights (D:8)
  A howler monkey (D:6)
  An electric eel (D:6)
  3 orc priests
  7 hounds
  Jessica (D:2)
  4 iguanas
  7 orc wizards
  Robin (D:2)
  12 adders
  2 shadow imps (D:5)
  5 white imps
  5 worms
  3 dart slugs
  23 orcs
  7 endoplasms
  2 giant cockroaches
  18 goblins
  8 hobgoblins
  3 jackals (D:1)
  3 quokkas
  9 ball pythons
  5 bats
  2 frilled lizards
  5 kobolds
  4 rats
169 creatures vanquished.

Vanquished Creatures (others)
  A fungus (D:3)
  5 plants
6 creatures vanquished.

Grand Total: 175 creatures vanquished

Notes
Turn   | Place    | Note
-------+----------+-------------------------------------------
     0 | D:1      | wormed the Gnoll Wanderer began the quest for the Orb.
     0 | D:1      | wormed set off with the following items: a +3 sling, a +0
                  | cloak, a scroll of fog, a +0 leather armour.
     0 | D:1      | Reached XP level 1. HP: 23/23 MP: 1/1
    41 | D:1      | Found Qusk's Weapon Shop.
    77 | D:1      | Found Esuice's Jewellery Emporium.
   132 | D:1      | Reached XP level 2. HP: 29/29 MP: 2/2
   204 | D:1      | Found Rofuexoh's Assorted Antiques.
   569 | D:1      | Reached XP level 3. HP: 35/35 MP: 3/3
   683 | D:2      | Noticed Robin
   702 | D:2      | Reached skill level 1 in Invocations
   785 | D:2      | Killed Robin
   786 | D:2      | Reached skill level 1 in Short Blades
   786 | D:2      | Reached skill level 1 in Long Blades
   786 | D:2      | Reached skill level 1 in Axes
   786 | D:2      | Reached skill level 1 in Maces & Flails
   786 | D:2      | Reached skill level 1 in Polearms
   786 | D:2      | Reached skill level 1 in Staves
   786 | D:2      | Reached skill level 1 in Throwing
   786 | D:2      | Reached skill level 1 in Armour
   786 | D:2      | Reached skill level 1 in Dodging
   786 | D:2      | Reached skill level 1 in Shields
   786 | D:2      | Reached skill level 1 in Unarmed Combat
   786 | D:2      | Reached skill level 1 in Spellcasting
   786 | D:2      | Reached skill level 1 in Evocations
   837 | D:2      | Reached XP level 4. HP: 20/41 MP: 5/5
   974 | D:2      | Reached skill level 1 in Conjurations
   974 | D:2      | Reached skill level 1 in Hexes
   974 | D:2      | Reached skill level 1 in Summonings
   974 | D:2      | Reached skill level 1 in Necromancy
   974 | D:2      | Reached skill level 1 in Translocations
   974 | D:2      | Reached skill level 1 in Transmutations
   974 | D:2      | Reached skill level 1 in Fire Magic
   974 | D:2      | Reached skill level 1 in Ice Magic
   974 | D:2      | Reached skill level 1 in Air Magic
   974 | D:2      | Reached skill level 1 in Earth Magic
   974 | D:2      | Reached skill level 1 in Poison Magic
  1206 | D:2      | Noticed Jessica
  1208 | D:2      | Killed Jessica
  1261 | D:2      | Reached XP level 5. HP: 47/47 MP: 7/7
  1562 | D:3      | Found a faded altar of an unknown god.
  2145 | D:4      | Noticed a phantom
  2270 | D:3      | Killed a phantom
  2271 | D:3      | Reached XP level 6. HP: 47/53 MP: 8/8
  2373 | D:1      | Bought a scroll labelled XIX WUAPLEUF for 23 gold pieces
  2373 | D:1      | Bought a scroll labelled WUKIGU QODWEK for 23 gold pieces
  2373 | D:1      | Bought a scroll labelled LAITSO XUNE for 23 gold pieces
  2373 | D:1      | Bought a scroll labelled WUKIGU QODWEK for 23 gold pieces
  2373 | D:1      | Bought a scroll labelled WUKIGU QODWEK for 23 gold pieces
  2373 | D:1      | Bought a scroll labelled LUREVES TOZEM for 23 gold pieces
  2373 | D:1      | Bought 2 glowing emerald potions for 41 gold pieces
  2697 | D:4      | Found a glowing golden altar of the Shining One.
  2793 | D:4      | Found Oruol's Elemental Accessories.
  2894 | D:4      | Reached XP level 7. HP: 60/60 MP: 10/10
  2997 | D:4      | Found an ornate altar of the Wu Jian Council.
  3150 | D:4      | Found a white marble altar of Elyvilon.
  3170 | D:4      | Found a glowing silver altar of Zin.
  3183 | D:5      | Entered Level 5 of the Dungeon
  3200 | D:5      | Reached skill level 9 in Ranged Weapons
  3560 | D:5      | Reached XP level 8. HP: 63/67 MP: 12/12
  3675 | D:5      | Found Bipuadwa's Hydra Hut.
  3675 | D:5      | Noticed a six-headed hydra
  3727 | D:5      | Noticed Sigmund
  3743 | D:5      | Killed Sigmund
  4066 | D:6      | Noticed a two-headed ogre
  4172 | D:5      | Killed a two-headed ogre
  4173 | D:5      | Reached XP level 9. HP: 9/74 MP: 15/15
  4583 | D:6      | Identified the +5 short sword of the Establishment {flame,
                  | rElec Str+3}
  5026 | D:6      | Reached skill level 5 in Invocations
  5230 | D:6      | Found a hide-covered altar of Uskayaw.
  5336 | D:6      | Identified the +2 mace of the Ring {freeze, Str+7}
  5560 | D:7      | Found an ancient bone altar of Kikubaaqudgha.
  6101 | D:7      | Found a staircase to the Ecumenical Temple.
  6275 | D:7      | Reached skill level 5 in Short Blades
  6275 | D:7      | Reached skill level 5 in Long Blades
  6275 | D:7      | Reached skill level 5 in Axes
  6275 | D:7      | Reached skill level 5 in Maces & Flails
  6275 | D:7      | Reached skill level 5 in Polearms
  6275 | D:7      | Reached skill level 5 in Staves
  6275 | D:7      | Reached skill level 5 in Throwing
  6275 | D:7      | Reached skill level 5 in Armour
  6275 | D:7      | Reached skill level 5 in Dodging
  6275 | D:7      | Reached skill level 5 in Shields
  6275 | D:7      | Reached skill level 5 in Unarmed Combat
  6275 | D:7      | Reached skill level 5 in Spellcasting
  6275 | D:7      | Reached skill level 5 in Evocations
  6275 | D:7      | Reached XP level 10. HP: 74/81 MP: 17/17
  6499 | Temple   | Entered the Ecumenical Temple
  6591 | Temple   | Became a worshipper of Cheibriados the Contemplative
  6670 | D:8      | Reached skill level 10 in Ranged Weapons
  6825 | D:8      | Found a sacrificial altar of Ru.
  6859 | D:8      | Noticed an orange demon
  6860 | D:8      | Noticed Amaemon
  6876 | D:8      | HP: 4/80 [poisoned by orange demon (concentrated venom)]
  7514 | D:9      | Noticed Erica
  7534 | D:9      | HP: 4/81 [something (3)]
  7537 | D:9      | Killed from afar by Erica

Illustrated notes

Levels and vault maps discovered:
D:1:      dpeg_arrival_castle, layout_basic, serial_shops, nicolae_shop_stone,
          shop, nicolae_shop_behind_doors
D:2:      layout_basic, uniq_robin, uniq_jessica
D:3:      layout_loops_ring, shapermc_ecumenical_altar_mp_ritualfount
D:4:      layout_rooms, tso_metal_star, mainiacjoe_overflow_alcove_4,
          mainiacjoe_overflow_big_doors, nicolae_elemental_shop
D:5:      layout_basic, doesnt_shop_hydraphobe, uniq_sigmund
D:6:      layout_rooms, nicolae_uskayaw_suspiria, hangedman_decor_lopped,
          kennysheep_opposing_triangles
D:7:      layout_rooms, lemuel_tele_altar, minmay_temple_entry_steel_oval,
          serial_corexii_hall, chequers_hall_statues_corner_a,
          corexii_hall_statues_u
D:8:      layout_rooms, nicolae_ru_awakened_eye, erik_lair_island,
          enter_ossuary_2, gammafunk_ghost_hydra_chop, kennysheep_crisscross,
          uniq_amaemon
D:9:      layout_roguey, general_overflow_altar, erik_orc_2, uniq_erica
Temple:   grunt_temple_mini_profane

Skill      XL: |  1  2  3  4  5  6  7  8  9 10 |
---------------+-------------------------------+-----
Stealth        | 6 7 8 |  8.0
Invocations    | 1 2 3 4 5 |  5.6
Short Blades   | 1 2 3 4 5 |  5.1
Long Blades    | 1 2 3 4 5 |  5.1
Axes           | 1 2 3 4 5 |  5.1
Maces & Flails | 1 2 3 4 5 |  5.1
Polearms       | 1 2 3 4 5 |  5.1
Staves         | 1 2 3 4 5 |  5.1
Throwing       | 1 2 3 4 5 |  5.1
Armour         | 1 2 3 4 5 |  5.1
Dodging        | 1 2 3 4 5 |  5.1
Shields        | 1 2 3 4 5 |  5.1
Unarmed Combat | 1 2 3 4 5 |  5.1
Spellcasting   | 1 2 3 4 5 |  5.1
Evocations     | 1 2 3 4 5 |  5.1
Conjurations   | 1 2 3 4 |  4.2
Hexes          | 1 2 3 4 |  4.2
Summonings     | 1 2 3 4 |  4.2
Necromancy     | 1 2 3 4 |  4.2
Translocations | 1 2 3 4 |  4.2
Transmutations | 1 2 3 4 |  4.2
Fire Magic     | 1 2 3 4 |  4.2
Ice Magic      | 1 2 3 4 |  4.2
Air Magic      | 1 2 3 4 |  4.2
Earth Magic    | 1 2 3 4 |  4.2
Poison Magic   | 1 2 3 4 |  4.2
Fighting       | 7 8 |  8.4
Ranged Weapons | 9 10 | 10.0

Action                     |  1- 3 |  4- 6 |  7- 9 | 10-12 || total
---------------------------+-------+-------+-------+-------++-------
  Melee: Sling             |       |       |     4 |       ||     4
         Arbalest          |       |       |       |     1 ||     1
   Fire: Sling             |    80 |   152 |   384 |       ||   616
         Arbalest          |       |       |    17 |    76 ||    93
  Evoke: Wand              |       |       |    14 |       ||    14
    Use: Scroll            |       |    11 |     3 |     5 ||    19
         Potion            |       |       |       |     7 ||     7
 Armour: Leather armour    |    24 |    13 |   107 |    47 ||   191
         Skin              |       |       |       |    14 ||    14
  Dodge: Dodged            |    29 |    30 |   138 |    50 ||   247

Table legend: (Time is in decaauts)
 A = Elapsed time spent in this place.
 B = Non-inter-level travel time spent in this place.
 C = Inter-level travel time spent in this place.
 D = Time resting spent in this place.
 E = Time spent auto-exploring this place.
 F = Levels seen in this place.
 G = Mean time per level.
                   A        B        C        D        E       F      G
               +--------+--------+--------+--------+--------+-----+--------+
         Total |   7641 |   7159 |    482 |    599 |   5231 |  10 |  764.1 |
       Dungeon |   7517 |   7079 |    438 |    599 |   5156 |   9 |  835.2 |
        Temple |    124 |     80 |     44 |      0 |     75 |   1 |  124.0 |
               +--------+--------+--------+--------+--------+-----+--------+

Top non-repeatable levels by time:
     D:7: 1326 daAuts
     D:5: 1221 daAuts
     D:1: 1046 daAuts
     D:6: 1005 daAuts
     D:2: 868 daAuts
     D:8: 710 daAuts
     D:3: 703 daAuts
     D:4: 578 daAuts
  Temple: 124 daAuts
     D:9: 57 daAuts
